 Dungeon Crawl Stone Soup version 0.26-a0-642-g67e99244d3 (webtiles) character file.

Game seed: 11443734726925764465

598 Colgate the Ruffian (level 7, -5/61 HPs)
             Began as a Troll Transmuter on Sept 21, 2020.
             Was a Believer of Qazlal.
             Slain by a gnoll
             ... wielding a +0 spear
              (7 damage)
             ... on level 5 of the Dungeon.
             The game lasted 00:20:28 (4150 turns).

Colgate the Ruffian (Troll Transmuter)              Turns: 4150, Time: 00:20:28

Health: -5/61      AC:  6    Str: 19    XL:     7   Next: 17%
Magic:  7/7        EV: 10    Int: 11    God:    Qazlal [**....]
Gold:   272        SH:  3    Dex: 10    Spells: 7/8 levels left

rFire    . . .     SeeInvis .     - Unarmed
rCold    . . .     Faith    .   (no shield)
rNeg     + . .     Spirit   .   k - +0 robe {rN+}
rPois    +         Reflect  .   (helmet restricted)
rElec    .         Harm     .   (no cloak)
rCorr    .         Rampage  .   (gloves unavailable)
MR       .....                  (boots unavailable)
Stlth    +.........             (no amulet)
HPRegen  0.60/turn              d - ring of poison resistance
MPRegen  0.10/turn              (no ring)

@: no status effects
A: large, unfitting armour, claws 3, regeneration 1, shaggy fur 1, tough skin 3
a: Upheaval, Renounce Religion


You were on level 5 of the Dungeon.
You worshipped Qazlal.
Qazlal was pleased with you.
You visited 1 branch of the dungeon, and saw 5 of its levels.
You also visited: Sewer.

You collected 272 gold pieces.

Inventory:

Missiles
 j - 104 stones
 r - 2 boomerangs (quivered)
 v - 3 boomerangs of dispersal
Armour
 a - a +0 robe
 k - a +0 robe of positive energy (worn)
Magical Staves
 y - an uncursed staff of air
Jewellery
 d - a ring of poison resistance (left claw)
Wands
 m - a wand of random effects (28)
 t - a wand of digging (4)
 w - a wand of acid (5)
Scrolls
 e - 5 scrolls of identify {unknown}
 o - 2 scrolls of magic mapping {unknown}
 p - 2 scrolls of remove curse {unknown}
 q - a scroll of enchant weapon {unknown}
 s - a scroll of blinking {unknown}
 x - a scroll of random uselessness {unknown}
Potions
 b - a potion of ambrosia {unknown}
 c - a potion of brilliance {unknown}
 f - a potion of cancellation {unknown}
 g - 3 potions of haste {unknown}
 h - a potion of curing {unknown}
 i - a potion of lignification {unknown}
 l - 3 potions of heal wounds {unknown}
 n - 4 potions of might {unknown}
 u - a potion of mutation {unknown}


   Skills:
 - Level 0.7 Fighting
 - Level 2.0 Throwing
 - Level 1.5 Dodging
 + Level 7.9 Unarmed Combat
 - Level 1.2 Spellcasting
 - Level 1.3 Transmutations


You had 7 spell levels left.
You knew the following spells:

 Your Spells              Type           Power        Failure   Level
a - Beastly Appendage     Tmut           #.....       19%         1

Your spell library contained the following spells:

 Spells                   Type           Power        Failure   Level
 Wereblood                Tmut           #.......     26%         2
 Spider Form              Tmut/Pois      #.........   56%         3
 Ice Form                 Ice/Tmut       #.......     93%         4
 Blade Hands              Tmut           #.........   99%         5


Dungeon Overview and Level Annotations

Branches:
Dungeon (5/15)              Sewer (visited)
 Temple: D:4-7

Altars:
Elyvilon
Fedhas
Okawaru
Qazlal
Sif Muna
Xom
Zin


Innate Abilities, Weirdness & Mutations

You are too large for most types of armour.
You have claws for hands.
Your natural rate of healing is unusually fast.
You are covered in fur. (AC +1)
You have extremely tough skin. (AC +3)


Message History

* * * LOW HITPOINT WARNING * * *
The gnoll misses you.
You mangle the gnoll!!
You kill the gnoll!
Qazlal accepts your kill. The gnoll hits you but does no damage.
The gnoll hits you with a +0 spear.
* * * LOW HITPOINT WARNING * * *
Unknown command.
You scratch the gnoll.
The gnoll is lightly wounded.
The gnoll hits you but does no damage. The gnoll hits you with a +0 spear.
* * * LOW HITPOINT WARNING * * *
You claw the gnoll!
You kill the gnoll!
Qazlal accepts your kill. The gnoll misses you.
You claw the gnoll!
The gnoll is almost dead.
The gnoll hits you with a +0 spear!
You die...

........<.......# .#
................# ..
..<.............# #
................#
###.##......[..##
#.##....(...##
#.##...###.(########
#...# #..(°)....#..
#... #.#).@○......
#... #?#.(g......#
## #.#...(.(.#.#
#>#.......#
..######### ..


You could see a gnoll.

Vanquished Creatures
  An ogre (D:4)
  2 jellies (D:2)
  A gnoll shaman (D:5)
  3 orc wizards
  A worker ant (D:4)
  Robin (D:4)
  7 adders
  4 gnolls (D:5)
  5 river rats (Sewer)
  A white imp (D:5)
  3 worms
  3 dart slugs
  2 leopard geckos
  7 orcs
  6 bats
  A giant cockroach (D:3)
  11 goblins
  10 hobgoblins
  2 iguanas
  8 jackals
  7 kobolds
  3 quokkas
  7 ball pythons
  9 frilled lizards
  16 rats
121 creatures vanquished.

Notes
Turn   | Place    | Note
-------+----------+-------------------------------------------
     0 | D:1      | Colgate the Troll Transmuter began the quest for the Orb.
     0 | D:1      | Reached XP level 1. HP: 18/18 MP: 1/1
   387 | D:1      | Reached XP level 2. HP: 26/26 MP: 0/2
   539 | D:1      | You fall into a shaft and drop 1 floor!
   580 | D:2      | Found a stormy altar of Qazlal.
   604 | D:2      | Became a worshipper of Qazlal Stormbringer
   731 | D:2      | Reached skill level 4 in Unarmed Combat
   735 | D:2      | Reached XP level 3. HP: 31/32 MP: 0/3
   951 | D:2      | Reached XP level 4. HP: 34/40 MP: 2/4
   974 | D:2      | Found a shimmering altar of Xom.
  1446 | D:3      | Reached skill level 5 in Unarmed Combat
  1446 | D:3      | Reached XP level 5. HP: 45/46 MP: 3/5
  1657 | D:3      | Found a white marble altar of Elyvilon.
  1670 | D:3      | Found an iron altar of Okawaru.
  1671 | D:3      | Found a shimmering altar of Xom.
  1693 | D:3      | Found a glowing drain.
  1702 | Sewer    | Entered a sewer
  1743 | Sewer    | Reached * piety under Qazlal
  2021 | Sewer    | Reached skill level 6 in Unarmed Combat
  2287 | Sewer    | Reached XP level 6. HP: 52/54 MP: 4/6
  3082 | D:4      | Reached ** piety under Qazlal
  3305 | D:4      | Noticed Robin
  3347 | D:4      | Killed Robin
  3432 | D:4      | Reached skill level 7 in Unarmed Combat
  3587 | D:4      | Found a glowing silver altar of Zin.
  3587 | D:4      | Noticed an angel
  3805 | D:4      | Found a blossoming altar of Fedhas.
  3846 | D:4      | Found a shimmering blue altar of Sif Muna.
  3983 | D:5      | Entered Level 5 of the Dungeon
  4062 | D:5      | Reached XP level 7. HP: 48/61 MP: 5/7
  4148 | D:5      | HP: 1/61 [gnoll/+0 spear (6)]
  4150 | D:5      | Slain by a gnoll

Illustrated notes

Levels and vault maps discovered:
D:1:      heliophobic_arrival_battle_scene, layout_loops_ring
D:2:      layout_rooms, old_standard_altar, minivault_27, dk_xom_monty_hall
D:3:      layout_basic, minitemple, cheibrodos_sewer_entry_sluice,
          chequers_garden
D:4:      layout_loops_cross, led_sif_pool, fedhas_altar_2, zin_angel,
          uniq_robin
D:5:      layout_rooms

Skill      XL: |  1  2  3  4  5  6 |
---------------+-------------------+-----
Unarmed Combat | 4 5 6 7 |  7.9
Throwing       | 2 |  2.0
Fighting       | |  0.7
Dodging        | |  1.5
Spellcasting   | |  1.2
Transmutations | |  1.3

Action                   |  1- 3 |  4- 6 |  7- 9 || total
-------------------------+-------+-------+-------++-------
Melee: Unarmed           |    47 |   147 |    11 ||   205
       Kick              |    11 |    20 |     2 ||    33
       Headbutt          |       |     9 |     1 ||    10
       Punch             |       |     3 |       ||     3
Throw: Dart              |    21 |   112 |       ||   133
       Stone             |       |    16 |       ||    16
       Boomerang         |       |       |     2 ||     2
 Cast: Beastly Appendage |    30 |    81 |     1 ||   112
  Use: Scroll            |       |     2 |       ||     2
Armor: Robe              |    15 |    46 |     4 ||    65
Dodge: Dodged            |     9 |    56 |    13 ||    78
Block: Other             |       |     6 |     1 ||     7

Table legend: (Time is in decaauts)
 A = Elapsed time spent in this place.
 B = Non-inter-level travel time spent in this place.
 C = Inter-level travel time spent in this place.
 D = Time resting spent in this place.
 E = Time spent auto-exploring this place.
 F = Levels seen in this place.
 G = Mean time per level.
                   A        B        C        D        E       F      G
               +--------+--------+--------+--------+--------+-----+--------+
         Total |   4167 |   4121 |     46 |     25 |   3314 |   6 |  694.5 |
       Dungeon |   3475 |   3429 |     46 |     25 |   2765 |   5 |  695.0 |
         Sewer |    692 |    692 |      0 |      0 |    548 |   1 |  692.0 |
               +--------+--------+--------+--------+--------+-----+--------+

Top non-repeatable levels by time:
     D:4: 1046 daAuts
     D:2: 892 daAuts
     D:3: 870 daAuts
   Sewer: 692 daAuts
     D:1: 537 daAuts
     D:5: 127 daAuts
